 Dungeon Sprint DCSS version 0.18.1-5-g4a78601 (webtiles) character file.

156 IcyTea the Grappler (level 5, -24/40 HPs)
             Began as a Draconian Transmuter on May 14, 2016.
             Was an Initiate of Vehumet.
             Annihilated by a hill giant
             ... wielding a +0 giant spiked club
              (39 damage)
             ... in the Dungeon (Sprint IX: "|||||||||||||||||||||||||||||").
             The game lasted 00:03:57 (439 turns).

IcyTea the Grappler (Draconian Transmuter)           Turns: 439, Time: 00:03:58

Health: -24/40     AC:  6    Str: 13    XL:     5   Next: 15%
Magic:  0/8        EV: 14    Int: 17    God:    Vehumet [......]
Gold:   0          SH:  0    Dex: 11    Spells: 3 memorised, 0 levels left

rFire  . . .     SeeInvis .       - Unarmed
rCold  . . .     Gourm    .     (armour unavailable)
rNeg   . . .     Faith    .     (no shield)
rPois  .         Spirit   .     (helmet restricted)
rElec  .         Dismiss  .     (no cloak)
rCorr  .         Reflect  .     n - +0 pair of gloves
SustAt .         Harm     .     (no boots)
MR     .....     NoTele   +     (no amulet)
Stlth  +.........               p - +2 ring of evasion
                                o - +3 ring of intelligence

@: appendage, not resistant to hostile enchantments, very unstealthy
A: unfitting armour, horns 2, cold-blooded, AC +5
a: End Transformation, Renounce Religion


You were in the Dungeon.
You worshipped Vehumet.
Vehumet was noncommittal.
You were not hungry.
You had grown temporary horns.
You visited 1 branch

Inventory:

Missiles
 a - 5 arrows
Armour
 n - a +0 pair of gloves (worn)
Jewellery
 o - a +3 ring of intelligence (left hand)
 p - a +2 ring of evasion (right hand)
Wands
 m - a wand of lightning (7/15)
Scrolls
 i - 2 scrolls of blinking
 k - 3 scrolls of remove curse
 l - 2 scrolls of amnesia
Potions
 d - 5 potions of curing
 e - 3 potions of heal wounds
 f - a potion of haste
 g - 4 potions of magic
 h - a potion of berserk rage
 j - a potion of invisibility
Books
 b - a book of Changes

   Spells                             Type                      Level
   a - Beastly Appendage              Transmutation                1
   b - Sticks to Snakes               Transmutation                2
   c - Spider Form                    Transmutation/Poison         3
   d - Ice Form                       Ice/Transmutation            4
   e - Blade Hands                    Transmutation                5
Comestibles
 c - a bread ration


   Skills:
 - Level 1.1 Fighting
 - Level 1.7 Dodging
 - Level 10.2 Unarmed Combat
 - Level 2.0 Spellcasting
 + Level 4.0 Transmutations


You couldn't memorise any spells.
You knew the following spells:

 Your Spells              Type           Power        Failure   Level  Hunger
a - Beastly Appendage     Trmt           ###...       3%          1    #......
b - Sticks to Snakes      Trmt           ###.....     6%          2    ###....
c - Blade Hands           Trmt           ###.......   89%         5    ######.


Dungeon Overview and Level Annotations

Branches:
Dungeon (1/1)

Altars:
Cheibriados
Dithmenos
Elyvilon
Fedhas
Gozag
Kikubaaqudgha
Makhleb
Nemelex Xobeh
Okawaru
Pakellas
Qazlal
Ru
Sif Muna
Trog
Vehumet
Xom
Yredelemnul
Zin
The Shining One
Beogh
Jiyva
Lugonu


Innate Abilities, Weirdness & Mutations

Your plain brown scales are hard (AC +5).
Your body does not fit into most forms of armour.
You are cold-blooded and may be slowed by cold attacks.
You have a pair of horns on your head.


Message History

You grow a pair of large bovine horns.
The hill giant hits you with a giant spiked club!!
Ouch! That really hurt!
You barely miss the hill giant.
The hill giant is heavily wounded.
You hit the hill giant but do no damage.
The hill giant is heavily wounded.
The hill giant closely misses you.
You punch the hill giant!
You tail-slap the hill giant, but do no damage.
The hill giant is severely wounded.
The hill giant closely misses you.
You punch the hill giant!
The hill giant is severely wounded.
You punch the hill giant!
You tail-slap the hill giant, but do no damage.
The hill giant is almost dead.
The hill giant hits you with a giant spiked club!!!
Ouch! That really hurt!
You die... ▓▓▓▓▓▓▓▓▓▓▓▓▓▓▓▓▓▓ ▓@CJScHo..H÷....S' ▓▓▓▓▓▓▓▓▓▓▓▓▓▓▓▓▓▓

You could see a hill giant, a hippogriff, a centaur, a jelly, an adder and an orc.

Vanquished Creatures
  A centaur (D)
  A howler monkey (D)
  An orc wizard (D)
  A worm (D)
  A dart slug (D)
  A giant gecko (D)
  A goblin (D)
  A bat (D)
  2 rats (D)
10 creatures vanquished.

Notes
Turn   | Place    | Note
--------------------------------------------------------------
     0 | D        | IcyTea the Draconian Transmuter began the quest for the Orb.
     0 | D        | Reached XP level 1. HP: 16/16 MP: 3/3
    12 | D        | Reached skill level 4 in Unarmed Combat
    45 | D        | Noticed a howler monkey
    45 | D        | Noticed a centaur
    45 | D        | Noticed an orc wizard
    50 | D        | Reached skill level 5 in Unarmed Combat
    50 | D        | Reached XP level 2. HP: 19/23 MP: 3/5
    58 | D        | Killed a howler monkey
    58 | D        | Reached skill level 7 in Unarmed Combat
    58 | D        | Reached XP level 3. HP: 24/28 MP: 3/6
   106 | D        | Learned a level 2 spell: Sticks to Snakes
   120 | D        | Killed a centaur
   120 | D        | Reached skill level 10 in Unarmed Combat
   120 | D        | Reached XP level 4. HP: 15/35 MP: 2/7
   125 | D        | Reached XP level 5. HP: 18/40 MP: 2/8
   135 | D        | Learned a level 5 spell: Blade Hands
   309 | D        | Found a glowing silver altar of Zin.
   309 | D        | Found a glowing golden altar of the Shining One.
   309 | D        | Found an ancient bone altar of Kikubaaqudgha.
   309 | D        | Found a basalt altar of Yredelemnul.
   309 | D        | Found a shimmering altar of Xom.
   309 | D        | Found a radiant altar of Vehumet.
   310 | D        | Found an iron altar of Okawaru.
   311 | D        | Found a burning altar of Makhleb.
   312 | D        | Found a deep blue altar of Sif Muna.
   313 | D        | Found a bloodstained altar of Trog.
   314 | D        | Found a sparkling altar of Nemelex Xobeh.
   315 | D        | Found a white marble altar of Elyvilon.
   316 | D        | Found a roughly hewn altar of Beogh.
   317 | D        | Became a worshipper of Vehumet
   318 | D        | Found a viscous altar of Jiyva.
   319 | D        | Found a corrupted altar of Lugonu.
   320 | D        | Found a blossoming altar of Fedhas.
   321 | D        | Found a snail-covered altar of Cheibriados.
   322 | D        | Found a shadowy altar of Dithmenos.
   323 | D        | Found a stormy altar of Qazlal.
   324 | D        | Found an opulent altar of Gozag.
   325 | D        | Found a sacrificial altar of Ru.
   326 | D        | Found an oddly glowing altar of Pakellas.
   360 | D        | Noticed a hill giant
   360 | D        | Noticed a centaur
   360 | D        | Noticed a hippogriff
   439 | D        | Annihilated by a hill giant

Skill      XL: |  1  2  3  4 |
---------------+-------------+-----
Unarmed Combat | 5 7 10 | 10.2
Transmutations | 4 |  4.0
Fighting       | |  1.1
Dodging        | |  1.7
Spellcasting   | |  2.0

Action                   |  1- 3 |  4- 6 || total
-------------------------+-------+-------++-------
Melee: Unarmed           |    36 |    13 ||    49
       Tailslap          |     4 |     4 ||     8
       Kick              |     2 |       ||     2
       Headbutt          |     2 |     1 ||     3
       Punch             |     1 |     1 ||     2
 Cast: Beastly Appendage |     3 |     1 ||     4
       Sticks to Snakes  |       |     7 ||     7
Armor: Skin              |     9 |     1 ||    10
Dodge: Dodged            |    21 |     6 ||    27
